 Dungeon Crawl Stone Soup version 0.14.1-26-g5a19342 (webtiles) character file.

4458 Jaijje the Covert (level 10, -18/44 HPs)
             Began as a Vine Stalker Enchanter on July 2, 2014.
             Was an Elder of Dithmenos.
             Killed from afar by a gargoyle (22 damage)
             ... with a stone arrow
             ... on Level 9 of the Dungeon on July 8, 2014.
             The game lasted 00:55:31 (9043 turns).

Jaijje the Covert (Vine Stalker Enchanter)          Turns: 9043, Time: 00:55:31

HP -18/44        AC  8     Str 13      XL: 10   Next: 27%
MP   0/25        EV 12     Int 18      God: Dithmenos [****..]
Gold 321         SH  0     Dex 14      Spells:  3 memorised, 16 levels left

rFire  . . .     SeeInvis +     a - +2,+1 dagger
rCold  . . .     Clarity  .     b - +1 robe
rNeg   . . .     Conserve .     (no shield)
rPois  .         rCorr    .     (no helmet)
rElec  .         rRot     +     E - +0 cloak
SustAb . .       Spirit   +     K - +0 pair of gloves
rMut   .         Warding  .     z - +2 pair of boots "Gudghupeh" {SInv}
Saprov . . .     Stasis   .     (no amulet)
MR     +....                    p - ring of wizardry
                                k - +1 ring of strength

@: about to teleport, wreathed by umbra, somewhat resistant to hostile
enchantments, extremely stealthy
A: fangs 3, regeneration 2, magic shield, antimagic bite, no device heal
a: Shadow Step, Renounce Religion


You were on level 9 of the Dungeon.
You worshipped Dithmenos.
Dithmenos was greatly pleased with you.
You were not hungry.

You visited 1 branch of the dungeon, and saw 9 of its levels.

You collected 321 gold pieces.

Inventory:

Hand weapons
 a - a +2,+1 dagger (weapon)
 w - a +0 blowgun
Missiles
 d - 12 darts (quivered)
 x - 30 poisoned needles
Armour
 b - a +1 robe (worn)
 z - the +2 pair of boots "Gudghupeh" (worn) {SInv}
   (You found it on level 8 of the Dungeon)

   It enhances your eyesight.
 E - a +0 cloak (worn)
 K - a +0 pair of gloves (worn)
Magical devices
 t - a wand of flame (16) {unknown}
 A - a wand of magic darts (13) {unknown}
 F - a wand of enslavement (6) {unknown}
 H - a wand of paralysis (11) {unknown}
Comestibles
 f - 4 bread rations
 u - 3 chunks of giant goldfish flesh
 B - 4 meat rations
 I - a choko
Scrolls
 i - 5 scrolls of identify
 l - 2 scrolls of blinking
 o - a scroll of immolation {unknown}
 v - 2 scrolls of noise {unknown}
 y - 2 scrolls of enchant weapon II {unknown}
 D - a scroll of fear {unknown}
 J - a scroll of acquirement {unknown}
Jewellery
 k - a +1 ring of strength (left hand)
 p - a ring of wizardry (right hand)
 r - an uncursed ring of positive energy {unknown}
 s - an uncursed ring of protection from cold {unknown}
Potions
 e - 8 potions of curing
 h - 2 potions of restore abilities
 j - a potion of haste
 m - a potion of beneficial mutation {unknown}
 n - 3 potions of heal wounds {unknown}
 q - a potion of might {unknown}
 G - a potion of flight {unknown}
Books
 c - a book of Maledictions

   Spells                             Type                      Level
   *Corona                            Hexes                        1
   Sure Blade                         Hexes/Charms                 2
   *Ensorcelled Hibernation           Hexes/Ice                    2
   *Confuse                           Hexes                        3
   Enslavement                        Hexes                        4
   Invisibility                       Hexes                        6
 C - a book of Minor Magic

   Spells                             Type                      Level
   Magic Dart                         Conjuration                  1
   Blink                              Translocation                2
   Call Imp                           Summoning                    2
   Repel Missiles                     Charms/Air                   2
   Slow                               Hexes                        2
   Conjure Flame                      Conjuration/Fire             3
   Mephitic Cloud                     Conjuration/Poison/Air       3


   Skills:
 - Level 0.5 Fighting
 + Level 4.7 Short Blades
 - Level 0.8 Throwing
 - Level 1.6 Dodging
 - Level 8.5 Stealth
 + Level 1.3 Unarmed Combat
 - Level 6.6 Spellcasting
 + Level 8.1 Hexes
 + Level 6.6 Ice Magic


You had 16 spell levels left.
You knew the following spells:

 Your Spells              Type           Power        Failure   Level  Hunger
a - Corona                Hex            #####..      1%          1    None
b - Ensorcelled Hibernat  Hex/Ice        ####..       1%          2    None
c - Confuse               Hex            #####...     1%          3    ##.....


Dungeon Overview and Level Annotations

Branches:
Dungeon (9/15)             Temple (0/1) D:5
    Orc: D:9-12        Lair: D:8-11

Altars:
Cheibriados
Dithmenos
Elyvilon
Fedhas
Okawaru
Yredelemnul
The Shining One


Innate Abilities, Weirdness & Mutations

You are immune to rotting.
You have razor-sharp teeth.
You heal very quickly.
When hurt, damage is shared between your health and your magic reserves.
Your bite disrupts and absorbs the magic of your enemies.
Potions and wands cannot restore your HP.


Message History

The gargoyle resists.
The gargoyle hits you with a mace!
Casting: Confuse
Confirm with . or Enter, or press ? or * to list all spells.
Aiming: Confuse
Press: ? - help, Shift-Dir - straight line, f/p - gargoyle
Aim: a gargoyle, wielding a mace (umbra)
The gargoyle resists.
The gargoyle hurls a stone arrow at you.
The stone arrow hits you!
* * * LOW HITPOINT WARNING * * *
The gargoyle hurls a stone arrow at you.
The stone arrow hits you!
* * * LOW HITPOINT WARNING * * *
Read which item? (? for menu, Esc to quit)
As you read the scroll of teleportation, it crumbles to dust.
You feel strangely unstable.
The gargoyle hurls a stone arrow at you.
The stone arrow hits you!
Ouch! That really hurt!
You die...

#### ##... #....####
#.......## ........#
#####
##########....#######...#
.........9.@.)..........#
####......###.######....#
.......................#
######...###.##.###.##.#
##### #.##.# #.# .#
#.##.###.##.#
#.##.#...<..#
#.##.#......#
#.##.#......#


You could see a gargoyle.

Vanquished Creatures
  2 wyverns (D:8)
  3 ice beasts
  4 orc warriors
  A sky beast (D:5)
  A giant goldfish (D:8)
  4 centaurs
  A yellow wasp (D:8)
  3 phantoms
  4 ogres
  2 giant frogs
  A hippogriff zombie (D:6)
  A scorpion (D:5)
  8 wights
  5 hounds
  A centaur zombie (D:3)
  4 crimson imps
  A jelly (D:8)
  A big fish (D:8)
  6 orc priests
  2 iguanas
  12 orc wizards
  Natasha (twice) (D:3)
  6 worker ants
  Ijyb (D:5)
  A hound skeleton (D:4)
  9 adders
  2 orc zombies
  2 giant mites
  A shadow imp (D:6)
  A scorpion zombie (D:3)
  5 worms
  An adder zombie (D:6)
  2 giant geckos
  3 oozes
  27 orcs
  2 ball pythons
  10 bats
  2 giant cockroaches
  24 hobgoblins
  11 jackals
  6 quokkas
  A giant gecko skeleton (D:8)
  4 giant newts
  11 goblins
  2 hobgoblin skeletons (D:6)
  13 kobolds
  11 rats
  A rat zombie (D:8)
228 creatures vanquished.

Notes
Turn   | Place    | Note
--------------------------------------------------------------
     0 | D:1      | Jaijje, the Vine Stalker Enchanter, began the quest for the Orb.
     0 | D:1      | Reached XP level 1. HP: 9/9 MP: 3/3
    79 | D:1      | Reached skill level 1 in Short Blades
   100 | D:1      | Reached XP level 2. HP: 14/14 MP: 5/5
   406 | D:1      | Reached XP level 3. HP: 6/17 MP: 4/7
   679 | D:2      | Upgraded the game from 0.14.1-24-gbdbe590 to 0.14.1-25-g305bacd
   787 | D:2      | Reached skill level 4 in Hexes
   810 | D:2      | Found a shadowy altar of Dithmenos.
   825 | D:2      | Became a worshipper of Dithmenos the Shadowed
   931 | D:2      | Reached XP level 4. HP: 17/21 MP: 5/8
  1519 | D:3      | Noticed Natasha
  1798 | D:3      | Noticed an ogre
  1864 | D:3      | Reached XP level 5. HP: 7/25 MP: 6/11
  1868 | D:3      | Learned a level 2 spell: Ensorcelled Hibernation
  1872 | D:3      | Learned a level 3 spell: Confuse
  2119 | D:3      | Killed an ogre
  2119 | D:3      | Gained mutation: You heal very quickly. [vine stalker growth]
  2119 | D:3      | Reached XP level 6. HP: 29/29 MP: 3/13
  2162 | D:3      | Reached skill level 5 in Hexes
  2479 | D:3      | Killed Natasha
  2479 | D:3      | Reached skill level 1 in Ice Magic
  2504 | D:3      | Noticed Natasha
  2529 | D:3      | Killed Natasha
  2694 | D:3      | Found a white marble altar of Elyvilon.
  2997 | D:4      | Reached XP level 7. HP: 28/32 MP: 13/17
  3051 | D:4      | Reached skill level 5 in Stealth
  3876 | D:5      | Entered Level 5 of the Dungeon
  4282 | D:5      | Found a staircase to the Ecumenical Temple.
  4286 | D:5      | Acquired Dithmenos' first power
  4286 | D:5      | Gained mutation: You have razor-sharp teeth. [vine stalker growth]
  4286 | D:5      | Reached XP level 8. HP: 30/37 MP: 11/20
  4408 | D:5      | Reached skill level 6 in Hexes
  4516 | D:5      | Found a snail-covered altar of Cheibriados.
  4524 | D:5      | Found a glowing golden altar of the Shining One.
  4525 | D:5      | Noticed an angel
  4530 | D:5      | Found a basalt altar of Yredelemnul.
  4531 | D:5      | Noticed a profane servitor
  4610 | D:5      | Noticed Ijyb
  4626 | D:5      | Killed Ijyb
  4847 | D:5      | Found an iron altar of Okawaru.
  5402 | D:6      | Reached skill level 7 in Stealth
  5402 | D:6      | Reached skill level 5 in Spellcasting
  5942 | D:6      | Reached skill level 8 in Stealth
  5942 | D:6      | Reached XP level 9. HP: 40/40 MP: 23/23
  5985 | D:6      | Acquired Dithmenos' second power
  6574 | D:7      | Found a blossoming altar of Fedhas.
  6675 | D:7      | Upgraded the game from 0.14.1-25-g305bacd to 0.14.1-26-g5a19342
  7079 | D:8      | Got a pair of faintly glowing boots
  7152 | D:8      | Identified the +2 pair of boots "Gudghupeh" {SInv} (You found it on level 8 of the Dungeon)
  7171 | D:8      | Acquired Dithmenos' third power
  7599 | D:8      | Reached skill level 5 in Ice Magic
  7914 | D:8      | Reached XP level 10. HP: 28/44 MP: 14/25
  8686 | D:8      | Reached skill level 1 in Unarmed Combat
  9043 | D:9      | Killed from afar by a gargoyle

Action                   |  1- 3 |  4- 6 |  7- 9 | 10-12 || total
-------------------------+-------+-------+-------+-------++-------
Melee: Dagger            |   145 |   112 |   456 |    72 ||   785
 Cast: Corona            |    12 |       |       |       ||    12
       Ensorcelled Hiber |       |    25 |    98 |    30 ||   153
       Confuse           |       |       |    27 |    18 ||    45
  Use: Potion            |       |     1 |     1 |       ||     2
       Scroll            |       |       |    10 |     1 ||    11
 Stab: Sleeping          |       |    24 |    71 |    19 ||   114
       Confused          |       |       |     1 |     5 ||     6
